 Dungeon Crawl Stone Soup version 0.28.0-1-gb440e238dd (webtiles) character file.

Game seed: 5850214724130542493

6804 pkoi the Destroyer (level 10, -7/71 HPs)
             Began as a Green Draconian Conjurer on Feb 28, 2022.
             Was a Priest of Sif Muna.
             Shot with an arrow by a centaur warrior (22 damage)
             ... on level 9 of the Dungeon.
             The game lasted 00:19:04 (13443 turns).

pkoi the Destroyer (Green Draconian Conjurer)      Turns: 13443, Time: 00:19:04

Health: -7/71      AC:  8    Str: 10    XL:     10   Next: 77%
Magic:  24/28      EV: 12    Int: 27    God:    Sif Muna [***...]
Gold:   630        SH:  0    Dex: 16    Spells: 3/21 levels left

rFire   x . .      SeeInvis .   o - +8 quarterstaff "Keunietiepp" {drain, Int+5}
rCold   + . .      Faith    .   (shield currently unavailable)
rNeg    . . .      Spirit   .   (armour unavailable)
rPois   +          Reflect  .   (helmet restricted)
rElec   .          Harm     .   c - +0 cloak {Will+}
rCorr   .          Rampage  .   (no gloves)
Will    ++...                   (no boots)
Stlth   ++........              a - amulet of the acrobat
HPRegen 0.21/turn               i - ring of Lyammepo {rF- Will+ MP+9 Dex+6}
MPRegen 0.21/turn               j - ring of protection from cold

@: no status effects
A: breathe noxious fumes, AC +7, unfitting armour, poison resistance,
cold-blooded
a: Breathe Noxious Fumes, Renounce Religion, Channel Magic, Forget Spell


You were on level 9 of the Dungeon.
You worshipped Sif Muna.
Sif Muna was most pleased with you.
You visited 2 branches of the dungeon, and saw 10 of its levels.
You also visited: Bailey.

You collected 630 gold pieces.

Inventory:

Hand Weapons
 e - a +0 dagger of freezing
 o - the +8 quarterstaff "Keunietiepp" (weapon) {drain, Int+5}
   (You found it on level 4 of the Dungeon)

   A truly terrible weapon, it drains the life of any living foe it strikes.
   Int:       It affects your intelligence (+5).
 q - a +7 dagger of venom
 r - the +6 dagger of the Shoals {speed, rF- Will+ Int+3}
   (You found it on level 4 of the Dungeon)

   Attacks with this weapon are significantly faster.
   Int:       It affects your intelligence (+3).
   rF:        It makes you vulnerable to fire.
   Will:      It increases your willpower.
Missiles
 n - 2 throwing nets
Armour
 c - a +0 cloak of willpower (worn)
 w - a +1 cloak
Jewellery
 a - an amulet of the acrobat (around neck)
 g - a ring of protection from fire
 i - the ring of Lyammepo (left hand) {rF- Will+ MP+9 Dex+6}
   (You found it on level 2 of the Dungeon)

   [ring of willpower]

   Dex:       It affects your dexterity (+6).
   rF:        It makes you vulnerable to fire.
   MP:        It affects your magic capacity (+9).
   Will:      It increases your willpower.
 j - a ring of protection from cold (right hand)
 k - an amulet of guardian spirit
Wands
 m - a wand of charming (6)
Scrolls
 f - 2 scrolls of teleportation
 h - 3 scrolls of amnesia
 s - a scroll of holy word
 v - a scroll of magic mapping
 x - a scroll of identify
Potions
 b - a potion of heal wounds
 d - a potion of curing
 l - 2 potions of magic
 p - a potion of haste {unknown}
 t - 3 potions of flight
 u - a potion of berserk rage


   Skills:
 + Level 1.2 Fighting
 + Level 2.1 Dodging
 - Level 1.7 Stealth
 - Level 6.0 Spellcasting
 - Level 12.3 Conjurations
 - Level 6.0 Hexes
 - Level 6.0 Translocations
 - Level 4.0 Invocations


You had 3 spell levels left.
You knew the following spells:

 Your Spells              Type           Power      Damage    Failure   Level
a - Magic Dart            Conj           100%       1d8       1%          1
b - Searing Ray           Conj           100%       2d8       1%          2
c - Blink                 Tloc           80%        N/A       1%          2
d - Iskenderun's Mystic   Conj/Tloc      55%        2d12      1%          4
e - Fulminant Prism       Conj/Hex       27%        3d14      1%          4
f - Iskenderun's Battles  Conj           65%        2d11      1%          5

Your spell library contained the following spells:

 Spells                   Type           Power      Damage    Failure   Level
 Conjure Flame            Conj/Fire      41%        6-21      1%          3
 Dazzling Flash           Conj/Hex       100%       N/A       1%          3
 Gell's Gravitas          Tloc           40%        N/A       1%          3
 Portal Projectile        Hex/Tloc       80%        N/A       1%          3
 Teleport Other           Tloc           40%        N/A       1%          3
 Call Canine Familiar     Summ           8%         N/A       19%         3
 Ignite Poison            Fire/Tmut/Pois 8%         N/A       19%         3
 Sticky Flame             Conj/Fire      41%        2d6       5%          4
 Irradiate                Conj/Tmut      20%        3d20      14%         5
 Manifold Assault         Tloc           40%        N/A       16%         5
 Leda's Liquefaction      Hex/Erth       12%        N/A       19%         4
 Olgreb's Toxic Radiance  Pois           8%         N/A       54%         4
 Dispersal                Tloc           20%        N/A       63%         6
 Iron Shot                Conj/Erth      20%        9d5       63%         6
 Blade Hands              Tmut           4%         N/A       87%         5
 Lee's Rapid Deconstruct  Erth           4%         3d6*      87%         5
 Spellforged Servitor     Conj/Summ      20%        N/A       99%         7
 Statue Form              Tmut/Erth      5%         N/A       100%        6
 Dragon Form              Tmut           4%         N/A       100%        7
 Ozocubu's Refrigeration  Ice            4%         4d5       100%        7
 Storm Form               Tmut/Air       4%         N/A       100%        7
 Ignition                 Fire           4%         3d4       100%        8


Dungeon Overview and Level Annotations

Branches:
Dungeon (9/15)             Temple (1/1) D:4          Bailey (visited)
   Lair: D:8-11         Orc: D:9-12

Altars:
Ashenzari
Dithmenos
Elyvilon
Fedhas
Gozag
Hepliaklqana
Kikubaaqudgha
Nemelex Xobeh
Okawaru
Qazlal
Ru
Sif Muna
Trog
Uskayaw
Vehumet
Wu Jian
Xom
Yredelemnul
Zin


Innate Abilities, Weirdness & Mutations

You can breathe blasts of noxious fumes.
Your lurid green scales are hard. (AC +7)
You cannot fit into any form of body armour.
Your system is resistant to poisons. (rPois)
You are cold-blooded and may be slowed by cold attacks.


Message History

You open the door. You open the door.
There is an open door here.
You open the door.
There is an open door here.
You now have 630 gold pieces (gained 22).
You open the door.
Found a stone staircase leading up.
There is an open door here.
You open the door.
There is an open door here.
A centaur warrior comes into view.
A centaur warrior is nearby!
Casting: Magic Dart (safe; 1% risk of failure)
Confirm with . or Enter, or press ? or * to list all spells.
You conjure a globe of magical energy.
The centaur warrior wields a +0 longbow.
The centaur warrior shoots an arrow.
The arrow hits you!!
* * * LOW HITPOINT WARNING * * *
You are too injured to fight recklessly!
Unknown command.
You are too injured to fight recklessly!
Unknown command.
Aiming: Magic Dart (safe; 1% risk of failure)
Press: ? - help, Q - select action, (/) - cycle Shift-Dir - straight line, f - centaur warrior
Aim: a centaur warrior, wielding a +0 longbow and quivering arrows (100% to hit)
The magic dart hits the centaur warrior.
The centaur warrior is lightly wounded.
Your battlesphere fires!
The barrage of energy hits the centaur warrior!
The centaur warrior is moderately wounded.
The centaur warrior shoots an arrow.
The arrow misses you.
The centaur warrior shoots an arrow.
The arrow hits you!!
* * * LOW HITPOINT WARNING * * *
There is an open door here.
The centaur warrior shoots an arrow.
The arrow hits your battlesphere!!!
Your battlesphere is destroyed!
There is a stone staircase leading up here.
The centaur warrior shoots an arrow.
The arrow hits you!!
You die...

#..........#
#..........#
#..........#
#..........#
#..........#
###°########
#..c..# # #####.###
# #..@# ####
##########'## '..#
#...........# ##.##
#...........# ##..#
#...........#
###.###...........#
# #..##...........#
# ##.##...........#
# #.##...........#


You could see a centaur warrior.

Vanquished Creatures
  A two-headed ogre (D:9)
  Pikel (D:6)
  2 orc knights (Bailey)
  An ugly thing (D:8)
  A troll (D:6)
  Prince Ribbit (D:7)
  Grinder (D:6)
  A wyvern (D:9)
  A steam dragon (D:7)
  Edmund (D:4)
  10 orc warriors
  3 ice beasts
  3 necrophages
  2 ogres
  3 centaurs
  3 bullfrogs
  2 scorpions
  A water moccasin zombie (D:5)
  5 killer bees (D:7)
  3 wights (D:7)
  3 crimson imps (D:5)
  3 hounds
  A jelly (D:4)
  2 centaur zombies
  An orc priest (D:6)
  Crazy Yiuf (D:4)
  2 centaur skeletons (D:7)
  A bullfrog skeleton (D:6)
  Ijyb (D:4)
  2 iguanas
  6 orc wizards
  2 hound skeletons
  4 gnolls (D:3)
  12 adders
  A shadow imp (D:5)
  An ufetubus (D:5)
  A worm (D:4)
  A dart slug (D:2)
  36 orcs
  9 endoplasms
  8 giant cockroaches
  11 goblins
  6 hobgoblins
  4 jackals (D:1)
  5 kobolds
  4 quokkas
  6 ball pythons
  6 bats
  3 frilled lizards
  11 rats
200 creatures vanquished.

Vanquished Creatures (others)
  3 fulminant prisms
3 creatures vanquished.

Grand Total: 203 creatures vanquished

Notes
Turn   | Place    | Note
-------+----------+-------------------------------------------
     0 | D:1      | pkoi the Draconian Conjurer began the quest for the Orb.
     0 | D:1      | Reached XP level 1. HP: 14/14 MP: 3/3
   596 | D:1      | Reached XP level 2. HP: 20/20 MP: 0/5
  1028 | D:1      | Learned a level 2 spell: Searing Ray
  1560 | D:1      | Reached skill level 5 in Conjurations
  1849 | D:2      | Reached XP level 3. HP: 26/26 MP: 4/6
  2091 | D:2      | Learned a level 2 spell: Blink
  2454 | D:2      | Reached XP level 4. HP: 31/33 MP: 0/7
  2938 | D:2      | Identified the ring of Lyammepo {rF- Will+ MP+9 Dex+6}
  3012 | D:2      | Found a basalt altar of Yredelemnul.
  3213 | D:2      | Reached skill level 6 in Conjurations
  3728 | D:3      | Reached skill level 1 in Translocations
  4083 | D:3      | Found a stormy altar of Qazlal.
  4233 | D:3      | Reached XP level 5. HP: 38/38 MP: 3/8
  5171 | D:4      | Identified the +8 quarterstaff "Keunietiepp" {drain, Int+5}
  5180 | D:4      | Noticed Ijyb
  5190 | D:4      | Paralysed by Ijyb for 4 turns
  5196 | D:4      | Killed Ijyb
  5389 | D:4      | Reached XP level 6. HP: 45/45 MP: 2/9
  5905 | D:4      | Identified the +6 dagger of the Shoals {speed, rF- Will+
                  | Int+3}
  5925 | D:4      | Noticed Edmund
  6053 | D:4      | Killed Edmund
  6054 | D:4      | Reached skill level 7 in Conjurations
  6054 | D:4      | Your scales start taking on a lurid green colour.
  6054 | D:4      | Reached XP level 7. HP: 29/50 MP: 6/11
  6054 | D:4      | Gained mutation: Your system is resistant to poisons.
                  | (rPois) [Green Draconian growth]
  6209 | D:4      | Found a staircase to the Ecumenical Temple.
  6222 | Temple   | Entered the Ecumenical Temple
  6410 | Temple   | Became a worshipper of Sif Muna the Loreminder
  6503 | D:4      | Learned a level 4 spell: Iskenderun's Mystic Blast
  6926 | D:4      | Reached skill level 1 in Invocations
  7277 | D:4      | Found a runed translucent door.
  7278 | D:4      | Noticed Crazy Yiuf
  7453 | D:4      | Killed Crazy Yiuf
  7649 | D:5      | Entered Level 5 of the Dungeon
  7655 | D:5      | Reached * piety under Sif Muna
  8257 | D:5      | Reached XP level 8. HP: 48/57 MP: 7/13
  8388 | D:5      | Found a basalt altar of Yredelemnul.
  8446 | D:5      | Reached skill level 5 in Translocations
  8751 | D:5      | Reached skill level 8 in Conjurations
  9161 | D:5      | Found a shimmering altar of Xom.
  9357 | D:6      | Identified the +6 hand crossbow of Naumnekk {elec, Str+5
                  | Int-2}
  9368 | D:6      | Noticed Grinder
  9376 | D:6      | Killed Grinder
  9382 | D:6      | Learned a level 4 spell: Fulminant Prism
  9462 | D:6      | Found a glowing silver altar of Zin.
  9462 | D:6      | Found an iron altar of Okawaru.
  9462 | D:6      | Found a blossoming altar of Fedhas.
  9467 | D:6      | Noticed Pikel
  9493 | D:6      | Killed Pikel
  9494 | D:6      | Reached XP level 9. HP: 37/62 MP: 14/16
  9707 | D:6      | Found a hazy altar of Hepliaklqana.
  9732 | D:6      | Found an ornate altar of the Wu Jian Council.
  9745 | D:6      | Noticed a troll
  9767 | D:6      | Killed a troll
  9768 | D:6      | Reached skill level 5 in Spellcasting
  9908 | D:6      | Found a bloodstained altar of Trog.
 10049 | D:6      | Reached skill level 9 in Conjurations
 10599 | D:7      | Reached ** piety under Sif Muna
 10613 | D:7      | Learned a level 5 spell: Iskenderun's Battlesphere
 10666 | D:7      | Found a sacrificial altar of Ru.
 10931 | D:7      | Noticed Prince Ribbit
 10943 | D:7      | Killed Prince Ribbit
 11568 | D:7      | Reached skill level 10 in Conjurations
 11568 | D:7      | Reached skill level 5 in Hexes
 11743 | D:8      | Reached XP level 10. HP: 41/69 MP: 10/19
 11839 | D:8      | Found a flagged portal.
 11845 | Bailey   | Entered a bailey
 12022 | Bailey   | Noticed an orc knight
 12022 | Bailey   | Noticed an orc knight
 12040 | Bailey   | Reached *** piety under Sif Muna
 12289 | Bailey   | Killed an orc knight
 12372 | Bailey   | Killed an orc knight
 12373 | Bailey   | Reached skill level 11 in Conjurations
 12529 | Bailey   | Identified the +4 ring mail of Proximity {Rampage rC+++
                  | Str-2 Int-4}
 12771 | D:8      | Noticed a white ugly thing
 12778 | D:8      | Killed a white ugly thing
 12978 | D:9      | Noticed a two-headed ogre
 12984 | D:9      | Killed a two-headed ogre
 12985 | D:9      | Reached skill level 12 in Conjurations
 13232 | D:9      | Reached skill level 1 in Fighting
 13433 | D:9      | Noticed a centaur warrior
 13443 | D:9      | Shot with an arrow by a centaur warrior

Illustrated notes

Levels and vault maps discovered:
D:1:      dpeg_arrival_rhombi, layout_loops_corners
D:2:      minmay_thinvault, layout_basic, basic_altar, kennysheep_generic_room_8
D:3:      layout_basic, grunt_qazlal_sundering
D:4:      minmay_diamond_boxcup, layout_cave_pods, minmay_temple_entry_ruins,
          uniq_edmund, uniq_ijyb, uniq_crazy_yiuf_cottage
D:5:      layout_rooms, led_xom_imps, lemuel_tele_altar
D:6:      layout_basic, grunt_temple_overflow_open,
          mainiacjoe_overflow_boulevard, nzn_wu_jian_council_hall,
          kennysheep_doodads, uniq_grinder, uniq_pikel
D:7:      layout_gridville, mainiacjoe_overflow_small_starburst,
          uniq_prince_ribbit1
D:8:      layout_cave_pools, enter_bailey_4, small_chamber_with_monster
D:9:      layout_roguey, nicolae_overflow_crystal_walls,
          ebering_ghost_rock_garden
Temple:   compressed_dpeg_triangle_lava_temple

Skill      XL: |  1  2  3  4  5  6  7  8  9 10 |
---------------+-------------------------------+-----
Conjurations   | 5 6 7 8 10 12 | 12.3
Translocations | 1 2 3 4 6 |  6.0
Spellcasting   | 3 4 6 |  6.0
Invocations    | 2 4 |  4.0
Hexes          | 2 5 6 |  6.0
Fighting       | 1 |  1.2
Dodging        | 2 |  2.1
Stealth        | |  1.7

Action                   |  1- 3 |  4- 6 |  7- 9 | 10-12 || total
-------------------------+-------+-------+-------+-------++-------
Melee: Unarmed           |     4 |       |       |       ||     4
       Tailslap          |     6 |     1 |     4 |       ||    11
       Dagger            |    33 |    10 |     5 |       ||    48
       Punch             |     1 |       |     1 |       ||     2
       Quarterstaff      |       |     3 |    52 |       ||    55
 Cast: Magic Dart        |    88 |    88 |   144 |    60 ||   380
       Searing Ray       |       |     7 |    22 |     1 ||    30
       Iskenderun's Batt |       |       |    10 |    18 ||    28
       Iskenderun's Myst |       |       |     2 |     3 ||     5
       Fulminant Prism   |       |       |       |     3 ||     3
Invok: Channel Magic     |       |       |       |     1 ||     1
 Abil: Breathe Noxious F |       |       |     3 |     3 ||     6
  Use: Scroll            |       |       |    14 |     2 ||    16
       Potion            |       |       |     4 |       ||     4
Armor: Skin              |    13 |     9 |    53 |     3 ||    78
Dodge: Dodged            |    37 |    17 |   113 |    25 ||   192
